 Dungeon Crawl Stone Soup version 0.25-a0-253-g6f1b5d974a (webtiles) character file.

Game seed: 1671397668873744690, levelgen mode: deterministic

74552 floatRand the Demonic Cataclysm (level 15, 0/117 HPs)
             Began as a Demonspawn Gladiator on Dec 5, 2019.
             Was a High Priest of Qazlal.
             Slain by an orc knight
             ... wielding a +0 dire flail
              (40 damage)
             ... on level 1 of the Orcish Mines.
             The game lasted 00:35:09 (23711 turns).

floatRand the Demonic Cataclysm (DsGl)             Turns: 23711, Time: 00:35:10

Health: 0/117      AC: 23    Str: 22    XL:     15   Next: 7%
Magic:  28/28      EV: 14    Int: 14    God:    Qazlal [*****.]
Gold:   1101       SH:  7    Dex: 18    Spells: 14/14 levels left

rFire    . . .     SeeInvis +   P - +4 battleaxe (flame)
rCold    . . .     Gourm    +   (shield currently unavailable)
rNeg     + . .     Faith    .   h - +3 chain mail "Uwepsiat" {rN+ Str+4}
rPois    +         Spirit   .   L - +2 hat {SInv}
rElec    .         Reflect  .   y - +2 cloak
rCorr    .         Harm     .   M - +2 pair of gloves
MR       ++...                  (no boots)
Stlth    ..........             J - amulet of the gourmand
HPRegen  0.29/turn              Z - ring of Qeire {+Fly rPois Int+5}
MPRegen  0.21/turn              A - ring of protection from magic

@: lightly drained, repel missiles
A: talons 2, icy blue scales 2, demonic guardian 1, foul stench 1, rot immunity
a: Upheaval, Elemental Force, Disaster Area, Renounce Religion, Evoke Flight


You were on level 1 of the Orcish Mines.
You worshipped Qazlal.
Qazlal was extremely pleased with you.
You were completely stuffed.

You visited 4 branches of the dungeon, and saw 20 of its levels.
You also visited: Volcano.

You collected 1994 gold pieces.
You spent 893 gold pieces at shops.

Inventory:

Hand Weapons
 u - a +7 war axe of flaming
 P - a +4 battleaxe of flaming (weapon)
Missiles
 d - 9 throwing nets (quivered)
Armour
 a - a +2 leather armour of poison resistance
 h - the +3 chain mail "Uwepsiat" (worn) {rN+ Str+4}
   (You bought it in a shop on level 5 of the Dungeon)

   It affects your strength (+4).
   It protects you from negative energy.
 n - a +0 buckler
 y - a +2 cloak (worn)
 L - a +2 hat of see invisible (worn)
 M - a +2 pair of gloves (worn)
 N - a +4 plate armour of fire resistance
 Q - +0 fire dragon scales
Jewellery
 t - an uncursed ring of positive energy
 z - an uncursed ring of resist corrosion
 A - a ring of protection from magic (right hand)
 J - an amulet of the gourmand (around neck)
 S - an uncursed ring of fire {unknown}
 U - a cursed ring of attention {unknown}
 V - an uncursed ring of fire {unknown}
 Z - the ring of Qeire (left hand) {+Fly rPois Int+5}
   (You found it on level 6 of the Lair of Beasts)

   [ring of flight]

   It affects your intelligence (+5).
   It protects you from poison.
   It lets you fly.
Wands
 i - a wand of flame (20)
 m - a wand of disintegration (9)
 x - a wand of enslavement (39)
 B - a wand of iceblast (16)
 H - a wand of random effects (74)
 T - a wand of acid (8)
 Y - a wand of paralysis (10)
Scrolls
 b - a scroll of enchant weapon
 c - 2 scrolls of fog
 e - a scroll of enchant armour
 p - 2 scrolls of remove curse
 D - 2 scrolls of immolation
 E - 2 scrolls of teleportation
 F - 2 scrolls of amnesia
 I - 2 scrolls of magic mapping
 K - 2 scrolls of fear
Potions
 g - a potion of invisibility
 j - 2 potions of brilliance
 k - 3 potions of cancellation
 o - 4 potions of resistance
 q - 6 potions of heal wounds {unknown}
 r - 9 potions of curing
 s - 2 potions of ambrosia
 v - 4 potions of degeneration {unknown}
 w - 3 potions of might {unknown}
 C - a potion of flight {unknown}
 G - a potion of berserk rage {unknown}
 O - a potion of agility {unknown}
 R - 2 potions of haste {unknown}
Comestibles
 f - 37 rations


   Skills:
 - Level 10.9(10.6) Fighting
 + Level 11.7(11.4) Axes
 - Level 1.7(1.5) Throwing
 + Level 4.0(3.8) Armour
 - Level 10.7(10.4) Dodging
 - Level 8.8(8.5) Shields
 + Level 18.6(18.3) Invocations


You had 14 spell levels left.
You didn't know any spells.
Your spell library contained the following spells:

 Spells                   Type           Power        Failure   Level  Hunger
 Pain                     Necr           #...         94%         1    ##.....
 Summon Small Mammal      Summ           #...         94%         1    ##.....
 Call Imp                 Summ           #.......     98%         2    ###....
 Call Canine Familiar     Summ           #.......     100%        3    ####...
 Ignite Poison            Fire/Tmut/Pois #.......     100%        3    ####...
 Summon Guardian Golem    Hex/Summ       #.......     100%        3    ####...
 Summon Ice Beast         Ice/Summ       #.......     100%        4    #####..
 Summon Lightning Spire   Summ/Air       #.......     100%        4    #####..
 Fireball                 Conj/Fire      #.........   100%        5    ######.
 Starburst                Conj/Fire      #.........   100%        6    #######
 Ring of Flames           Chrm/Fire      #.........   100%        7    #######
 Ignition                 Fire           #.........   100%        8    #######


Dungeon Overview and Level Annotations

Branches:
Dungeon (11/15)            Temple (1/1) D:7            Lair (6/6) D:9
 Shoals (0/4) Lair:4       Spider (0/4) Lair:3          Orc (2/2) D:11
Volcano (visited)
  Slime: Lair:5-6       Elf: Orc:2

Altars:
Ashenzari
Cheibriados
Dithmenos
Fedhas
Hepliaklqana
Kikubaaqudgha
Makhleb
Nemelex Xobeh
Okawaru
Qazlal
Ru
Sif Muna
Uskayaw
Vehumet
Xom
Yredelemnul
The Shining One
Jiyva

Shops:
D:5 [}*   D:6 (   D:10 :   Orc:2 :(

Annotations:
D:11 3 runed translucent doors, Borgoz's ghost, journeyman HaGl
Lair:5 1 runed translucent door, exclusion: 2 oklob plants


Innate Abilities, Weirdness & Mutations

You have razor-sharp toenails.
You are mostly covered in icy blue scales. (AC +3)
A weak demonic guardian rushes to your aid.
You may emit foul miasma when damaged in melee.
You are immune to rotting.


Message History

You hit the orc knight but do no damage.
You claw the orc knight, but do no damage.
The orc knight is lightly wounded.
You hit the orc warrior but do no damage.
The orc knight hits you with a +0 dire flail!
You emit a cloud of foul miasma!
Your quasit closely misses the orc warrior.
Your quasit barely misses the orc warrior.
Your quasit claws the orc warrior but does no damage.
You block the orc warrior's attack.
Your chain mail "Uwepsiat" prevents you from hitting the orc knight.
You claw the orc knight, but do no damage.
The orc knight is lightly wounded.
You hit the orc warrior. You burn the orc warrior.
You kill the orc warrior!
Qazlal accepts your kill.
The orc knight is engulfed in dark miasma.
The orc knight is poisoned.
The orc knight hits you with a +0 dire flail!!!
You die...

.......)[................##....#
.....#....................#.#.##
....##.##...........#....#....##
..##....#......................#
..#......#..#............#.##.##
...#...................########
..##...........§°○§.....##
#####..#.......○○.°......###
#.#####.......#.@)°..#.....##
...#.##.....###o)5..##......#
............#..§......#.##.##
.......................#.###
..........................#
.......................#.##
.#...##.................##
.....###................#
....#####..#........#...#


You could see an orc knight and a friendly quasit.

Vanquished Creatures
  Gastronok (Lair:2)
  An orc warlord (Orc:2)
  A red draconian (Volcano)
  The ghost of Cuxunirch the Black Crusader, a journeyman MiFi of Yredelemnul (Lair:4)
  2 fire dragons
  Fannar (Lair:2)
  Harold (Orc:1)
  4 hydras
  A catoblepas (Lair:6)
  An anaconda (Lair:4)
  3 two-headed ogres (Volcano)
  An ogre mage (Volcano)
  A queen ant (shapeshifter) (D:11)
  5 orc high priests
  An unseen horror (D:11)
  3 orc knights
  An obsidian statue (Volcano)
  2 lindwurms (Lair:6)
  An orc sorcerer (Orc:2)
  2 ugly things (D:11)
  A deep elf mage (D:11)
  A moth of wrath (shapeshifter) (D:11)
  4 cyclopes (D:11)
  3 slime creatures (D:8)
  8 black mambas
  13 elephants
  Joseph (D:7)
  5 torpor snails (Lair:6)
  A gargoyle (D:10)
  5 spiny frogs
  A kobold demonologist (D:11)
  A rime drake (Lair:6)
  2 komodo dragons
  3 trolls
  4 jumping spiders (Lair:3)
  8 polar bears (Lair:6)
  2 tyrant leeches (Lair:6)
  9 hornets
  A raiju (Lair:6)
  11 hippogriffs
  20 blink frogs
  7 dream sheep
  33 yaks
  A shadow (D:11)
  5 redbacks (Lair:3)
  6 fire bats (Volcano)
  A basilisk (D:9)
  A wraith (D:11)
  2 hungry ghosts
  8 wargs
  An acid dragon (D:11)
  9 water moccasins
  14 hell hounds (Lair:6)
  6 porcupines
  5 sky beasts
  30 orc warriors
  6 ice beasts
  A necrophage (D:8)
  14 ogres
  5 phantoms
  11 black bears
  An eye of draining (D:11)
  13 wolves (Lair:6)
  9 crocodiles
  3 centaurs
  3 big kobolds
  18 bullfrogs
  4 gnoll sergeants
  A wyvern zombie (D:9)
  3 scorpions
  8 killer bees
  3 howler monkeys
  3 wights (D:10)
  4 electric eels
  6 lava snakes (Volcano)
  2 crimson imps
  A quasit (D:11)
  2 bullfrog zombies
  4 jellies
  4 bullfrog skeletons
  A centaur zombie (D:9)
  5 hounds
  15 orc wizards
  8 orc priests
  A centaur skeleton (D:4)
  4 iguanas
  8 worker ants
  2 hound zombies
  A hound skeleton (D:9)
  4 worker ant zombies
  16 gnolls
  8 adders
  A shadow imp (D:11)
  An adder zombie (D:6)
  An adder skeleton (D:8)
  3 worms
  5 dart slugs
  8 leopard geckos
  54 orcs
  9 bats
  3 giant cockroaches
  7 goblins
  8 hobgoblins
  2 jackals (D:11)
  8 quokkas
  A ball python (D:1)
  2 frilled lizards
  11 kobolds
  A quokka skeleton (D:4)
  10 rats
  3 fungi
  3 plants
610 creatures vanquished.

Vanquished Creatures (collateral kills)
  An elephant (Lair:5)
  A spiny frog (Lair:4)
  A torpor snail (Lair:6)
  A polar bear (Lair:6)
  2 trolls (Orc:1)
  A tyrant leech (Lair:6)
  4 blink frogs
  A hippogriff (D:9)
  A slime creature (D:8)
  3 yaks
  A warg (Orc:1)
  2 orc warriors (Orc:1)
  A black bear (Lair:6)
  A killer bee (D:10)
  A crimson imp (D:6)
  An orc priest (Orc:1)
  3 gnolls
  2 orcs
  A quokka zombie (D:5)
  A plant (Lair:6)
30 creatures vanquished.

Vanquished Creatures (others)
  A bush (D:9)
  8 fungi
  35 plants
44 creatures vanquished.

Grand Total: 684 creatures vanquished

Notes
Turn   | Place    | Note
-------+----------+-------------------------------------------
     0 | D:1      | floatRand the Demonspawn Gladiator began the quest for the
                  | Orb.
     0 | D:1      | Reached XP level 1. HP: 16/16 MP: 1/1
   305 | D:1      | Gained mutation: You are immune to rotting. [demonic
                  | ancestry]
   305 | D:1      | Reached XP level 2. HP: 22/22 MP: 2/2
   891 | D:2      | Gained mutation: You have sharp toenails. [demonic
                  | ancestry]
   891 | D:2      | Reached XP level 3. HP: 27/27 MP: 3/3
  1261 | D:2      | Found a hide-covered altar of Uskayaw.
  1273 | D:2      | Gained mutation: You may emit foul miasma when damaged in
                  | melee. [demonic ancestry]
  1273 | D:2      | Reached XP level 4. HP: 33/33 MP: 4/4
  1890 | D:3      | Found a sacrificial altar of Ru.
  2236 | D:3      | Found a faded altar of an unknown god.
  2571 | D:4      | You fall into a shaft and drop 3 floors!
  2571 | D:7      | Noticed an orc warrior
  2574 | D:7      | Found a staircase to the Ecumenical Temple.
  2577 | D:7      | Noticed a phantom
  2578 | D:7      | Noticed an orc warrior
  2582 | Temple   | Entered the Ecumenical Temple
  2588 | Temple   | Killed an orc warrior
  2588 | Temple   | Reached skill level 5 in Axes
  2588 | Temple   | Reached XP level 5. HP: 23/38 MP: 5/5
  2596 | Temple   | Gained mutation: A weak demonic guardian rushes to your
                  | aid. [demonic ancestry]
  2596 | Temple   | Reached XP level 6. HP: 27/44 MP: 6/6
  2811 | Temple   | Became a worshipper of Qazlal Stormbringer
  2832 | Temple   | Killed an orc warrior
  3234 | D:7      | Noticed an ice beast
  3237 | D:7      | Reached XP level 7. HP: 24/50 MP: 7/7
  3626 | D:6      | Found Boumuly's Weapon Boutique.
  3753 | D:6      | Reached XP level 8. HP: 43/56 MP: 8/8
  3866 | D:5      | Entered Level 5 of the Dungeon
  3867 | D:5      | Found Wenyhig's General Store.
  3921 | D:5      | Bought a potion of curing for 42 gold pieces
  3921 | D:5      | Bought a scroll of enchant weapon for 105 gold pieces
  3921 | D:5      | Bought a scroll of identify for 28 gold pieces
  3924 | D:5      | Found Odumn's Antique Armour Shoppe.
  4097 | D:5      | Found Byfi's Gadget Shoppe.
  4135 | D:5      | Reached skill level 1 in Invocations
  4188 | D:5      | Reached * piety under Qazlal
  4188 | D:5      | Reached skill level 2 in Invocations
  4218 | D:5      | Reached skill level 1 in Shields
  4238 | D:5      | Identified the +1 chain mail of the Worm {rC- Str+6} (You
                  | found it on level 5 of the Dungeon)
  4389 | D:4      | Found a sparkling altar of Nemelex Xobeh.
  4413 | D:4      | Reached skill level 3 in Invocations
  4632 | D:4      | Reached skill level 4 in Invocations
  5092 | D:6      | Reached skill level 5 in Invocations
  5101 | D:6      | Reached ** piety under Qazlal
  5339 | D:6      | Reached XP level 9. HP: 60/64 MP: 11/13
  5817 | D:7      | Reached skill level 6 in Invocations
  6187 | D:7      | Noticed Joseph
  6195 | D:7      | Killed Joseph
  6195 | D:7      | Reached skill level 7 in Invocations
  6225 | D:7      | Found a snail-covered altar of Cheibriados.
  6227 | D:7      | Found a shadowy altar of Dithmenos.
  6724 | D:8      | Reached skill level 8 in Invocations
  6829 | D:8      | Reached skill level 5 in Dodging
  6841 | D:8      | Reached *** piety under Qazlal
  6842 | D:8      | Found a glowing golden altar of the Shining One.
  6864 | D:8      | Killed a large slime creature
  6864 | D:8      | Reached skill level 5 in Fighting
  6864 | D:8      | Gained mutation: You have razor-sharp toenails. [demonic
                  | ancestry]
  6864 | D:8      | Reached XP level 10. HP: 68/74 MP: 16/16
  6874 | D:8      | Reached skill level 9 in Invocations
  7562 | D:8      | Found an ancient bone altar of Kikubaaqudgha.
  7571 | D:8      | Identified Kikubaaqudgha's Guide on Sinister Rites
  7584 | D:8      | Found a radiant altar of Vehumet.
  7601 | D:8      | Found a shimmering blue altar of Sif Muna.
  7812 | D:9      | Reached skill level 10 in Invocations
  8101 | D:9      | Reached skill level 5 in Shields
  8319 | D:9      | Reached skill level 11 in Invocations
  8597 | D:9      | Found a staircase to the Lair.
  8672 | D:9      | You fall into a shaft and drop 2 floors!
  8673 | D:11     | Gained mutation: You are partially covered in icy blue
                  | scales. (AC +2) [demonic ancestry]
  8673 | D:11     | Reached XP level 11. HP: 83/83 MP: 19/19
  8685 | D:11     | Noticed a white ugly thing
  8688 | D:11     | Noticed a cyan ugly thing
  8851 | D:11     | Noticed a six-headed hydra
  8853 | D:11     | Killed a cyan ugly thing
  8857 | D:11     | Killed a white ugly thing
  8861 | D:11     | Killed a three-headed hydra
  8861 | D:11     | Reached skill level 12 in Invocations
  8868 | D:11     | Reached **** piety under Qazlal
  8915 | D:11     | Noticed a deep troll
  9004 | D:11     | Noticed a queen ant
  9014 | D:11     | Killed a queen ant
  9450 | D:11     | Found a staircase to the Orcish Mines.
  9718 | D:10     | Entered Level 10 of the Dungeon
  9897 | D:10     | Reached skill level 13 in Invocations
  9920 | D:10     | Found Hourgh's Book Shoppe.
 11149 | D:9      | Found a shimmering altar of Xom.
 11235 | D:9      | Found a glowing golden altar of the Shining One.
 11235 | D:9      | Found a shattered altar of Ashenzari.
 11451 | D:5      | Bought a +2 hat of see invisible for 294 gold pieces
 11699 | Orc:1    | Entered Level 1 of the Orcish Mines
 11715 | Orc:1    | Noticed Harold
 11736 | Orc:1    | Reached XP level 12. HP: 59/92 MP: 22/22
 11742 | Orc:1    | Killed Harold
 11757 | Orc:1    | Noticed an orc high priest
 11767 | Orc:1    | Killed an orc high priest
 11923 | Orc:1    | Noticed an orc high priest
 11926 | Orc:1    | Reached skill level 14 in Invocations
 11927 | Orc:1    | Killed an orc high priest
 12786 | D:5      | Bought a pitted chain mail for 237 gold pieces
 12786 | D:5      | Bought a pair of embroidered gloves for 187 gold pieces
 12797 | D:5      | Identified the +3 chain mail "Uwepsiat" {rN+ Str+4} (You
                  | bought it in a shop on level 5 of the Dungeon)
 13370 | D:11     | Found a runed translucent gate.
 13371 | D:11     | Found a runed translucent gate.
 13371 | D:11     | Found a runed translucent gate.
 13371 | D:11     | Noticed Borgoz's ghost (journeyman HaGl)
 13521 | D:11     | Noticed a fire dragon
 13533 | D:11     | Killed a fire dragon
 13533 | D:11     | Reached skill level 15 in Invocations
 13959 | Lair:1   | Entered Level 1 of the Lair of Beasts
 15351 | Lair:2   | Noticed Fannar
 15359 | Lair:2   | Noticed Gastronok
 15362 | Lair:2   | Found a dark tunnel.
 15367 | Lair:2   | Killed Fannar
 15638 | Lair:2   | Reached XP level 13. HP: 94/101 MP: 24/24
 15647 | Lair:2   | Killed Gastronok
 15685 | Volcano  | Entered a volcano
 15728 | Volcano  | Reached ***** piety under Qazlal
 15770 | Volcano  | Reached skill level 16 in Invocations
 15784 | Volcano  | Noticed a red draconian
 15786 | Volcano  | Found a bloodstained altar of Trog.
 15790 | Volcano  | Killed a red draconian
 16747 | Lair:3   | Reached skill level 10 in Fighting
 17396 | Lair:3   | Found a hole to the Spider Nest.
 17709 | Lair:4   | Reached skill level 17 in Invocations
 17730 | Lair:4   | Found a runed translucent gate.
 17730 | Lair:4   | Noticed Cuxunirch's ghost (journeyman MiFi)
 17731 | Lair:4   | Found a runed translucent gate.
 17747 | Lair:4   | Found a runed translucent gate.
 17871 | Lair:4   | Killed Cuxunirch's ghost
 18148 | Lair:4   | Found a radiant altar of Vehumet.
 18422 | Lair:4   | Found a staircase to the Shoals.
 18899 | Lair:5   | Reached skill level 10 in Dodging
 18912 | Lair:5   | Gained mutation: You are mostly covered in icy blue scales.
                  | (AC +3) [demonic ancestry]
 18912 | Lair:5   | Reached XP level 14. HP: 96/111 MP: 26/26
 19578 | Lair:5   | Reached skill level 10 in Axes
 19934 | Lair:5   | Found a runed translucent door.
 19935 | Lair:5   | Found a viscous altar of Jiyva.
 19935 | Lair:5   | Noticed an acid blob
 19959 | Lair:5   | Noticed an acid blob
 20132 | Lair:6   | Entered Level 6 of the Lair of Beasts
 20911 | Lair:6   | Got a brightly glowing tin ring
 21463 | Lair:6   | Identified the ring of Qeire {+Fly rPois Int+5} (You found
                  | it on level 6 of the Lair of Beasts)
 21518 | Lair:6   | Reached skill level 18 in Invocations
 21536 | Lair:6   | Reached skill level 1 in Armour
 22350 | Lair:6   | Paralysed by a hornet for 2 turns
 22368 | Lair:6   | Found a runed translucent door.
 22974 | Orc:2    | Entered Level 2 of the Orcish Mines
 22974 | Orc:2    | Found Rocw's Antique Weapon Shop.
 22974 | Orc:2    | Noticed an orc warlord
 23170 | Orc:2    | Found Muzxiode's Book Shoppe.
 23171 | Orc:2    | Noticed an orc warlord
 23389 | Orc:2    | Reached XP level 15. HP: 114/117 MP: 28/28
 23705 | Orc:2    | Killed an orc warlord
 23711 | Orc:1    | Slain by an orc knight

Levels and vault maps discovered:
D:1:      minmay_arrival_nine_rooms, layout_loops_ring, bh_walls_and_bars
D:2:      layout_loops_ring, eat_drink_and_be_merry_uskayaw
D:3:      layout_loops_ring, first_ration, chequers_ecumenical_altar_island,
          nicolae_ru_awakened_eye
D:4:      layout_gridville, lemuel_crystal_altar, minmay_small_thing
D:5:      layout_basic, serial_shops, shop, nicolae_shop_overgrown_old_shop,
          nicolae_shop_waterfront
D:6:      layout_cave_pods, serial_shops, shop, serial_bayou_lagoon_a
D:7:      layout_rooms, nicolae_overflow_hidden_temple,
          minmay_temple_entry_wispy, corexii_leaking_fountain, grunt_ogre_cave,
          uniq_joseph
D:8:      layout_basic, palyth_temple_overflow_mages, basic_altar,
          nicolae_underground_beach
D:9:      layout_basic, gammafunk_temple_overflow_wave, minmay_lair_entry_grove,
          basic_altar
D:10:     layout_grid_maze, serial_shops, shop_coins
D:11:     minmay_quarter_circles, layout_loops_ring, orc_0_dummy,
          ebering_ghost_rock_garden
Temple:   dshaligram_water_room_temple
Lair:1:   layout_layer_cave, nicolae_quartered_pool_super, ldierk_geyser
Lair:2:   layout_chaotic_city, nicolae_volcano_entry_lava_flow, minmay_holes,
          uniq_fannar, uniq_gastronok
Lair:3:   layout_layer_cave, nicolae_spider_entry_tight_spaces
Lair:4:   layout_long_grid, elwin_shoals_entry_rooms, gammafunk_ghost_split,
          basic_altar
Lair:5:   layout_regular_city, slime_altar_2, lemuel_fruit_tree,
          minmay_lair_oklob_chamber
Lair:6:   hangedman_lair_caniforms_friends, layout_long_grid, wormcave,
          grunt_megastairs_5
Orc:1:    layout_caves, nicolae_orc_lava_room, uniq_harold
Orc:2:    grunt_orc_gardens, layout_caves, grunt_orc_garden, grunt_orc_garden,
          grunt_orc_garden, grunt_orc_garden, serial_shops, shop,
          okawaru_metal_pillars_1_2

Skill      XL: |  1  2  3  4  5  6  7  8  9 10 11 12 13 14 15 |
---------------+----------------------------------------------+-----
Axes           | 3 4 5 6 7 9 11 | 11.7
Invocations    | 5 8 11 13 15 17 18 | 18.6
Dodging        | 3 5 6 7 8 10 | 10.7
Shields        | 2 4 5 7 8 |  8.8
Fighting       | 3 5 6 8 9 10 | 10.9
Armour         | 3 4 |  4.0
Throwing       | |  1.7

Action                   |  1- 3 |  4- 6 |  7- 9 | 10-12 | 13-15 || total
-------------------------+-------+-------+-------+-------+-------++-------
Melee: War axe           |    90 |   115 |   239 |   584 |   199 ||  1227
       Kick              |    10 |    32 |    72 |   189 |   213 ||   516
       Battleaxe         |       |       |       |       |   352 ||   352
Invok: Upheaval          |       |       |       |     7 |     8 ||    15
       Disaster Area     |       |       |       |       |     1 ||     1
  Use: Scroll            |     2 |       |    16 |     8 |    14 ||    40
       Potion            |       |     1 |       |       |       ||     1
 Stab: Distracted        |       |       |     1 |     8 |     5 ||    14
  Eat: Chunk             |     1 |     7 |    11 |    24 |    35 ||    78
       Ration            |       |       |       |     1 |     1 ||     2
Armor: Plate armour      |    78 |   121 |       |       |       ||   199
       Skin              |       |    26 |       |       |       ||    26
       Leather armour    |       |     5 |    59 |    81 |   152 ||   297
       Chain mail        |       |       |       |       |    91 ||    91
       Fire dragon scale |       |       |       |       |     4 ||     4
Dodge: Dodged            |    22 |    35 |   128 |   265 |   561 ||  1011
       Deflected         |       |       |       |     1 |     4 ||     5
Block: Buckler           |    13 |    26 |    86 |   266 |   114 ||   505
       Other             |       |       |       |       |   160 ||   160

Table legend:
 A = Non-vault XP
 B = Vault XP
 C = Vault XP percentage of total XP
 D = Non-vault monster count
 E = Vault monster count
 F = Vault count percentage of total count
                 A         B        C        D         E       F
            +---------+---------+-------+---------+---------+-------
      Total |   54973 |   51531 |  48.4 |     447 |     186 |  29.4
            +---------+---------+-------+---------+---------+-------
        D:1 |      23 |       0 |   0.0 |      13 |       0 |   0.0
        D:2 |      89 |       0 |   0.0 |      33 |       0 |   0.0
        D:3 |      39 |       0 |   0.0 |      15 |       0 |   0.0
        D:4 |     530 |      88 |  14.2 |      22 |       1 |   4.3
        D:5 |     425 |       0 |   0.0 |      14 |       0 |   0.0
        D:6 |     877 |       0 |   0.0 |      25 |       0 |   0.0
        D:7 |    1236 |     557 |  31.1 |      26 |       2 |   7.1
        D:8 |    2913 |     156 |   5.1 |      28 |       4 |  12.5
        D:9 |    2226 |    1821 |  45.0 |      24 |      12 |  33.3
       D:10 |    2859 |       0 |   0.0 |      26 |       0 |   0.0
       D:11 |    6082 |    6455 |  51.5 |      29 |      29 |  50.0
     Temple |     516 |       0 |   0.0 |      12 |       0 |   0.0
     Lair:1 |    4690 |       0 |   0.0 |      23 |       0 |   0.0
     Lair:2 |    2667 |    3313 |  55.4 |      13 |       2 |  13.3
     Lair:3 |    2615 |    2288 |  46.7 |      11 |       9 |  45.0
     Lair:4 |    3409 |    3509 |  50.7 |      15 |       7 |  31.8
     Lair:5 |   10354 |    1109 |   9.7 |      30 |       6 |  16.7
     Lair:6 |    4015 |   18999 |  82.6 |      11 |      81 |  88.0
      Orc:1 |    5762 |    2459 |  29.9 |      47 |       5 |   9.6
      Orc:2 |    3646 |    3958 |  52.1 |      30 |      10 |  25.0
    Volcano |       0 |    6819 | 100.0 |       0 |      18 | 100.0
            +---------+---------+-------+---------+---------+-------
